 Dungeon Crawl Stone Soup version 0.21-a0-70-g32e1473 (webtiles) character file.

5394 nikopol the Cleaver (level 10, -2/132 (136) HPs)
             Began as a Minotaur Berserker on June 18, 2017.
             Was a High Priest of Trog.
             Slain by a two-headed ogre
             ... wielding a +0 dire flail
              (25 damage)
             ... on level 8 of the Dungeon.
             The game lasted 00:18:18 (8758 turns).

nikopol the Cleaver (Minotaur Berserker)            Turns: 8758, Time: 00:18:19

HP:   -2/132 (136)  AC:  7    Str: 28    XL:     10   Next: 40%
MP:   9/9           EV: 14    Int:  4    God:    Trog [*****.]
Gold: 426           SH:  0    Dex: 12    Spells: 9/9 levels left

rFire    . . .     SeeInvis .   a - +1 war axe
rCold    . . .     Gourm    .   (no shield)
rNeg     . . .     Faith    .   x - +0 ring mail
rPois    .         Spirit   .   (helmet restricted)
rElec    .         Reflect  .   B - +0 cloak
rCorr    .         Harm     .   (no gloves)
MR       .....                  (no boots)
Stlth    ..........             (no amulet)
HPRegen  0.32/turn              (no ring)
MPRegen  0.11/turn              (no ring)

@: berserking, very quick
A: retaliatory headbutt, horns 2
a: Berserk, Trog's Hand, Brothers in Arms, Burn Spellbooks, Renounce Religion


You were on level 8 of the Dungeon.
You worshipped Trog.
Trog was extremely pleased with you.
You were very hungry.

You visited 1 branch of the dungeon, and saw 8 of its levels.

You collected 426 gold pieces.

Inventory:

Hand Weapons
 a - a +1 war axe (weapon)
 d - a +3 dire flail
 m - a +0 hand axe
 z - a +0 shortbow of velocity
Missiles
 l - 29 arrows (quivered)
Armour
 b - a +0 animal skin
 x - a +0 ring mail (worn)
 B - a +0 cloak (worn)
Wands
 C - a wand of iceblast (5/15)
 F - a wand of random effects (31/48)
Scrolls
 e - 2 scrolls of enchant weapon {unknown}
 h - 2 scrolls of recharging {unknown}
 i - 3 scrolls of teleportation
 k - a scroll of amnesia {unknown}
 s - a scroll of enchant armour {unknown}
 t - a scroll of random uselessness {unknown}
 u - 2 scrolls of remove curse
 y - a scroll of fear {unknown}
 H - a scroll of summoning {unknown}
Potions
 g - a potion of ambrosia
 j - 2 potions of cancellation
 n - 3 potions of brilliance
 p - a potion of haste
 v - 3 potions of flight
 A - 2 potions of heal wounds
 E - 3 potions of curing
Comestibles
 c - 8 bread rations
 f - 11 royal jellies
 o - 5 meat rations
 q - 4 chunks of flesh


   Skills:
 + Level 9.3 Fighting
 + Level 10.4 Axes
 + Level 8.8 Bows
 + Level 6.1 Armour
 + Level 6.2 Dodging
 + Level 2.0 Stealth


You had 9 spell levels left.
You didn't know any spells.

Dungeon Overview and Level Annotations

Branches:
Dungeon (8/15)             Temple (0/1) D:6
   Lair: D:8-11

Altars:
Elyvilon
Gozag
Kikubaaqudgha
Nemelex Xobeh
Sif Muna
Trog
Wu Jian
Xom
Zin
The Shining One

Shops:
D:5 =   D:7 *(


Innate Abilities, Weirdness & Mutations

You reflexively headbutt those who attack you in melee.
You have a pair of horns on your head.


Message History

Aim: a two-headed ogre, wielding a dire flail and a giant club (heavily wounded)
You shoot an arrow.
The arrow hits the two-headed ogre but does no damage.
The two-headed ogre is heavily wounded.
The two-headed ogre hits you with a dire flail!
The two-headed ogre hits you with a giant club!!
Wield which item (- for none, * to show all)? (? for menu, Esc to quit)
a - a +1 war axe (weapon)
A red film seems to cover your vision as you go berserk!
You feel yourself moving faster!
You feel mighty!
You are feeling very hungry.
The two-headed ogre hits you with a dire flail!!
* * * LOW HITPOINT WARNING * * *
The two-headed ogre misses you.
A wight comes into view. It is wielding a short sword.
You slash the two-headed ogre!
The two-headed ogre is severely wounded.
The two-headed ogre closely misses you.
The two-headed ogre hits you with a giant club!!
You die...

(. .... .. ..z#####...#....
(..........#....
.(()#...........
...(l......#...#
.....(......... .....>O.....#
#........../.@...###
#..................##### ##
#.........###...##.....# ..
#.....)....###...#####.######.
#..........# #<.....##........
#.........># #....[.##.....#..
#..........# #.........###.#..
#.......<..# #......#### #....
#..รท......## #......# ####.


You could see a two-headed ogre, an iguana and a wight.

Vanquished Creatures
  Pikel (D:6)
  The ghost of anet the Magician, a novice DEWz (D:5)
  Grinder (D:6)
  Sigmund (D:3)
  3 hogs (D:7)
  A wyvern (D:8)
  A yak (D:7)
  2 steam dragons (D:7)
  A human (D:7)
  Duvessa (D:6)
  An ice beast (D:6)
  An orc warrior (D:6)
  A sky beast (D:6)
  A black bear (D:6)
  3 slaves (D:6)
  3 ogres
  3 necrophages
  2 big kobolds
  2 bullfrogs
  Dowan (D:6)
  2 scorpions
  12 wights
  2 vampire bats (D:2)
  3 howler monkeys (D:7)
  2 bullfrog zombies
  5 crimson imps
  A centaur zombie (D:5)
  4 hounds
  A quasit (D:5)
  Crazy Yiuf (D:3)
  A bullfrog skeleton (D:8)
  A jelly (D:7)
  A centaur skeleton (D:5)
  2 orc priests
  Jessica (D:2)
  An iguana (D:8)
  4 worker ants
  8 orc wizards
  Robin (D:2)
  3 gnolls (D:6)
  8 adders
  An ooze (D:2)
  2 adder zombies
  An adder skeleton (D:5)
  3 dart slugs
  A worm (D:3)
  10 leopard geckos
  16 orcs
  10 bats
  3 bat skeletons (D:2)
  4 bat zombies (D:2)
  5 giant cockroaches
  17 goblins
  11 hobgoblins
  7 jackals (D:5)
  12 kobolds
  3 quokkas
  A ball python (D:3)
  3 frilled lizards
  A jackal zombie (D:5)
  2 leopard gecko skeletons
  A leopard gecko zombie (D:7)
  7 rats
216 creatures vanquished.

Vanquished Creatures (others)
  A slave (D:6)
1 creature vanquished.

Grand Total: 217 creatures vanquished

Notes
Turn   | Place    | Note
-------+----------+-------------------------------------------
     0 | D:1      | nikopol the Minotaur Berserker began the quest for the Orb.
     0 | D:1      | Reached XP level 1. HP: 19/19 MP: 0/0
   176 | D:1      | Reached XP level 2. HP: 23/27 MP: 1/1
   548 | D:1      | Reached skill level 4 in Axes
  1040 | D:2      | Reached XP level 3. HP: 28/33 MP: 2/2
  1125 | D:2      | Reached ** piety under Trog
  1128 | D:2      | Noticed Robin
  1154 | D:2      | Killed Robin
  1466 | D:2      | Found an ancient bone altar of Kikubaaqudgha.
  1469 | D:2      | Reached XP level 4. HP: 31/41 MP: 3/3
  1477 | D:2      | Reached skill level 5 in Axes
  1477 | D:2      | Reached XP level 5. HP: 25/47 MP: 4/4
  1548 | D:2      | Reached skill level 5 in Fighting
  1740 | D:2      | Noticed Jessica
  1743 | D:2      | Killed Jessica
  2220 | D:3      | Reached *** piety under Trog
  2220 | D:3      | Reached skill level 1 in Stealth
  2244 | D:3      | Found a white marble altar of Elyvilon.
  2609 | D:3      | Found a runed door.
  2613 | D:3      | Noticed Crazy Yiuf
  2620 | D:3      | Killed Crazy Yiuf
  2702 | D:3      | Noticed Sigmund
  2719 | D:3      | Killed Sigmund
  2719 | D:3      | Reached skill level 6 in Axes
  2719 | D:3      | Reached XP level 6. HP: 44/56 MP: 5/5
  2909 | D:4      | Found a sparkling altar of Nemelex Xobeh.
  3078 | D:4      | Found a glowing golden altar of the Shining One.
  3084 | D:4      | Reached skill level 7 in Axes
  3113 | D:4      | Reached XP level 7. HP: 53/62 MP: 6/6
  3183 | D:4      | Found a deep blue altar of Sif Muna.
  3184 | D:4      | Found an ornate altar of the Wu Jian Council.
  3552 | D:5      | Entered Level 5 of the Dungeon
  3563 | D:5      | Reached skill level 1 in Bows
  3688 | D:5      | Reached **** piety under Trog
  3763 | D:5      | Noticed anet's ghost (novice DEWz)
  3845 | D:5      | Killed anet's ghost
  3845 | D:5      | Reached XP level 8. HP: 49/70 MP: 7/7
  4006 | D:5      | Noticed a moth of wrath
  4009 | D:5      | Found a bloodstained altar of Trog.
  4023 | D:5      | Received a gift from Trog
  4469 | D:5      | Reached skill level 5 in Dodging
  4708 | D:5      | Reached skill level 8 in Axes
  4784 | D:5      | Found Xaoth's Jewellery Emporium.
  5122 | D:6      | Reached skill level 5 in Bows
  5136 | D:6      | Found a white marble altar of Elyvilon.
  5646 | D:6      | Found a staircase to the Ecumenical Temple.
  5675 | D:6      | Reached XP level 9. HP: 73/78 MP: 8/8
  5702 | D:6      | Found a glowing silver altar of Zin.
  5836 | D:6      | Found an opulent altar of Gozag.
  5953 | D:6      | Noticed Grinder
  5956 | D:6      | Killed Grinder
  5970 | D:6      | Noticed Duvessa
  5980 | D:6      | Noticed Pikel
  5982 | D:6      | Killed Duvessa
  5983 | D:6      | Noticed Dowan
  5994 | D:6      | Killed Pikel
  5994 | D:6      | Reached skill level 9 in Axes
  5994 | D:6      | Reached skill level 5 in Armour
  6002 | D:6      | Killed Dowan
  6753 | D:6      | Found an opulent altar of Gozag.
  6999 | D:7      | Reached ***** piety under Trog
  7069 | D:7      | Found Caifoude's General Store.
  7328 | D:7      | Found a shimmering altar of Xom.
  7417 | D:7      | Found Giromes's Antique Weapon Shop.
  7522 | D:7      | Reached XP level 10. HP: 87/87 MP: 9/9
  7605 | D:7      | Reached skill level 10 in Axes
  8746 | D:8      | Noticed a two-headed ogre
  8758 | D:8      | Slain by a two-headed ogre

Vault maps used:
D:1:      zelgadis_glass_arrival_small
D:2:      kennysheep_vampire_church, uniq_jessica, uniq_robin
D:3:      elyvilon_altar_5, uniq_crazy_yiuf_cottage, uniq_sigmund
D:4:      marbit_many_paths, grunt_temple_overflow_open, nemelex_altar_shiori
D:5:      tgw_trog, serial_shops, shop, first_bread
D:6:      lemuel_coloured_pillars_altar, zin_statuary,
          minmay_temple_entry_enclosed_plants, basic_altar,
          minmay_misc_feat_room, grunt_gozag_breadcrumbs, uniq_duvessa,
          uniq_grinder, uniq_pikel
D:7:      kennysheep_little_box, serial_shops, kennysheep_mini, shop,
          grunt_livestock, mrwooster_statue_mirror
D:8:      uniq_maurice

Skill      XL: |  1  2  3  4  5  6  7  8  9 10 |
---------------+-------------------------------+-----
Fighting       | 4 5 6 7 8 9 |  9.3
Axes           | 4 5 6 7 8 9 10 | 10.4
Dodging        | 3 4 5 6 |  6.2
Stealth        | 1 2 |  2.0
Armour         | 3 4 5 6 |  6.1
Bows           | 3 6 7 8 |  8.8

Action                   |  1- 3 |  4- 6 |  7- 9 | 10-12 || total
-------------------------+-------+-------+-------+-------++-------
Melee: Hand axe          |    74 |   101 |   237 |    13 ||   425
       Headbutt          |    13 |    24 |    47 |    10 ||    94
       War axe           |       |       |       |    37 ||    37
 Fire: Shortbow          |       |       |   184 |    60 ||   244
Invok: Berserk           |     1 |     1 |     4 |     1 ||     7
       Burn Spellbooks   |     1 |       |     2 |       ||     3
  Use: Scroll            |       |       |    12 |       ||    12
 Stab: Sleeping          |     2 |       |       |       ||     2
  Eat: Chunk             |     2 |     7 |    15 |     3 ||    27
       Royal jelly       |       |       |     1 |       ||     1
       Fruit             |       |       |     1 |       ||     1
Armor: Animal skin       |    16 |     7 |       |       ||    23
       Ring mail         |       |    15 |    90 |    13 ||   118
Dodge: Dodged            |    56 |    58 |   203 |    35 ||   352
